 Dungeon Crawl Stone Soup version 0.27.0-1-g7a089689b8 (webtiles) character file.

Game seed: 4071118825062323172

2559 ZombieSheep the Basher (level 9, -12/57 HPs)
             Began as a Gargoyle Berserker on Aug 5, 2021.
             Was an Elder of Trog.
             Mangled by a two-headed ogre (18 damage)
             ... on level 6 of the Dungeon.
             The game lasted 00:12:06 (6959 turns).

ZombieSheep the Basher (Gargoyle Berserker)         Turns: 6959, Time: 00:12:07

Health: -12/57     AC: 19    Str: 21    XL:     9   Next: 56%
Magic:  9/9        EV: 12    Int:  8    God:    Trog [****..]
Gold:   337        SH:  0    Dex: 12    Spells: 8/8 levels left

rFire    . . .     SeeInvis .   a - +3 whip (venom)
rCold    + . .     Faith    .   (no shield)
rNeg     + . .     Spirit   .   d - +4 ring mail {rC+}
rPois    ∞         Reflect  .   (no helmet)
rElec    +         Harm     .   g - +0 cloak
rCorr    .         Rampage  .   (no gloves)
Will     .....                  m - +0 pair of boots
Stlth    +.........             (no amulet)
HPRegen  0.19/turn              (no ring)
MPRegen  0.11/turn              (no ring)

@: on berserk cooldown, slowed, very slow
A: sickness immunity, AC +6, negative energy resistance 1, electricity
resistance, torment resistance 1, petrification resistance
a: Renounce Religion, Berserk, Trog's Hand, Brothers in Arms


You were on level 6 of the Dungeon.
You worshipped Trog.
Trog was greatly pleased with you.
You visited 1 branch of the dungeon, and saw 6 of its levels.

You collected 337 gold pieces.

Inventory:

Hand Weapons
 a - a +3 whip of venom (weapon)
 b - a +0 flail
 e - a +0 mace
Missiles
 j - 3 throwing nets (quivered)
Armour
 d - a +4 ring mail of cold resistance (worn)
 g - a +0 cloak (worn)
 l - a +0 robe of willpower
 m - a +0 pair of boots (worn)
 o - +0 steam dragon scales
Wands
 p - a wand of charming (6)
 u - a wand of mindburst (8)
Scrolls
 c - a scroll of torment
 h - a scroll of magic mapping
 q - a scroll of enchant weapon
 r - a scroll of fog
 s - 2 scrolls of identify
 t - a scroll of immolation {unknown}
Potions
 f - 2 potions of curing
 i - 2 potions of brilliance {unknown}
 k - a potion of lignification
 n - 2 potions of might


   Skills:
 + Level 7.0 Fighting
 * Level 8.6 Maces & Flails
 + Level 6.5 Armour
 + Level 4.9 Dodging


You had 8 spell levels left.
You didn't know any spells.
Your spell library was empty.

Dungeon Overview and Level Annotations

Branches:
Dungeon (6/15)             Temple (0/1) D:5

Altars:
Trog
Yredelemnul


Innate Abilities, Weirdness & Mutations

You are immune to sickness and miasma.
Your stone body is resilient. (AC +6)
You are immune to poison.
You resist negative energy. (rN+)
You are resistant to electric shocks. (rElec)
You are resistant to unholy torment.
You are immune to petrification.


Message History

An ice beast comes into view.
A red film seems to cover your vision as you go berserk!
You feel yourself moving faster!
You feel mighty!
You hit the two-headed ogre.
The two-headed ogre is poisoned.
The two-headed ogre is lightly wounded.
You barely miss the two-headed ogre.
The two-headed ogre is lightly wounded.
The two-headed ogre hits you with a +0 giant club!
The two-headed ogre hits you with a +0 giant spiked club!!
You barely miss the two-headed ogre.
The two-headed ogre is lightly wounded.
You hit the two-headed ogre.
The two-headed ogre looks as sick as possible!
The two-headed ogre is lightly wounded.
You barely miss the two-headed ogre.
The two-headed ogre is lightly wounded.
The two-headed ogre barely misses you.
The two-headed ogre hits you with a +0 giant spiked club!!
* * * LOW HITPOINT WARNING * * *
You feel a strong urge to attack something.
You feel your anger nearly subside.
You are no longer berserk.
You are exhausted.
You feel yourself slow down.
Unknown command.
Aiming: Charm
Press: ? - help, Shift-Dir - straight line, f - two-headed ogre
Aim: a two-headed ogre, wielding a +0 giant club and a +0 giant spiked club (moderately wounded, extremely poisoned, chance to affect: 28%)
The two-headed ogre easily resists.
As you read the scroll labelled BUXOXA KORUR, it crumbles to dust.
The scroll dissolves into smoke.
It was a scroll of fog.
The two-headed ogre closely misses you.
The two-headed ogre hits you with a +0 giant spiked club.
* * * LOW HITPOINT WARNING * * *
You fail to use your ability.
The two-headed ogre closely misses you. The two-headed ogre misses you.
You fail to use your ability.
The two-headed ogre hits you with a +0 giant club!
* * * LOW HITPOINT WARNING * * *
The two-headed ogre hits you with a +0 giant spiked club!!
You die...

##...######...........###.
#########...###..#...........#...
#...#...'...#....#...........#...
#...#...#...#....#...........####
#...#...#...'....#########'#.....
#...#...#...#....#.........#.....
#...#...#...#.§§§#.........#.....
#..##.###.####§§§##..####+##.....
#..##.###.####§§@##..#.........##
#...†......#..§§§O...#.........÷.
#..........+..§§§Y...#.........#.
#..........#.........#.........#.
#'###.######..#######..........#.
....#.######..##.## #)##########.
....#...#.....#...# #......#O ##
....#...#...(.#...# #.#..#.#. + #
....#...#.....'...# #......# ###


You could see a two-headed ogre (very poisoned) and an ice beast.

Vanquished Creatures
  A steam dragon (D:5)
  4 ice beasts
  A black bear (D:6)
  2 necrophages
  An ogre (D:6)
  A centaur (D:5)
  5 phantoms
  A kobold brigand (D:5)
  A bullfrog (D:4)
  A wyvern zombie (D:5)
  3 scorpions
  A water moccasin zombie (D:6)
  A wyvern skeleton (D:6)
  2 howler monkeys
  A bullfrog zombie (D:5)
  A centaur skeleton (D:6)
  2 bullfrog skeletons
  6 hounds
  Terence (D:2)
  3 iguanas
  2 orc wizards (D:3)
  A killer bee zombie (D:5)
  3 hound skeletons
  4 gnolls (D:3)
  A howler monkey skeleton (D:5)
  10 adders
  2 white imps (D:5)
  2 adder skeletons
  3 dart slugs
  6 orcs
  4 bats (D:3)
  7 endoplasms
  4 giant cockroaches
  6 hobgoblins
  7 jackals
  14 kobolds
  6 quokkas
  3 ball pythons
  7 frilled lizards
  6 goblins
  6 rats
143 creatures vanquished.

Vanquished Creatures (others)
  8 plants (D:5)
8 creatures vanquished.

Grand Total: 151 creatures vanquished

Notes
Turn   | Place    | Note
-------+----------+-------------------------------------------
     0 | D:1      | ZombieSheep the Gargoyle Berserker began the quest for the
                  | Orb.
     0 | D:1      | Reached XP level 1. HP: 14/14 MP: 1/1
   425 | D:1      | Reached XP level 2. HP: 19/19 MP: 2/2
   550 | D:1      | Found a faded altar of an unknown god.
  1338 | D:2      | Reached XP level 3. HP: 23/23 MP: 3/3
  1395 | D:2      | Noticed Terence
  1414 | D:2      | Killed Terence
  1599 | D:2      | Reached XP level 4. HP: 25/29 MP: 4/4
  1723 | D:2      | Reached ** piety under Trog
  2500 | D:3      | Found a basalt altar of Yredelemnul.
  2500 | D:3      | Found a bloodstained altar of Trog.
  2502 | D:3      | Reached skill level 4 in Maces & Flails
  2595 | D:3      | Reached XP level 5. HP: 33/33 MP: 5/5
  3035 | D:3      | Reached *** piety under Trog
  3498 | D:4      | Noticed a phantom
  3523 | D:4      | Killed a phantom
  3524 | D:4      | Reached XP level 6. HP: 24/39 MP: 6/6
  3972 | D:4      | Reached skill level 5 in Maces & Flails
  4558 | D:5      | Entered Level 5 of the Dungeon
  4570 | D:5      | Reached XP level 7. HP: 41/44 MP: 7/7
  4667 | D:5      | Reached skill level 5 in Fighting
  4686 | D:5      | Reached skill level 6 in Maces & Flails
  4712 | D:5      | Found a staircase to the Ecumenical Temple.
  4961 | D:5      | Reached XP level 8. HP: 27/49 MP: 8/8
  5389 | D:5      | Reached skill level 5 in Armour
  5523 | D:5      | Reached skill level 7 in Maces & Flails
  5577 | D:5      | Reached **** piety under Trog
  5695 | D:5      | Reached XP level 9. HP: 50/55 MP: 9/9
  6244 | D:6      | Reached skill level 8 in Maces & Flails
  6473 | D:6      | Noticed a two-headed ogre
  6959 | D:6      | Mangled by a two-headed ogre

Illustrated notes

Levels and vault maps discovered:
D:1:      dpeg_arrival_chambers_temple_mockup, layout_basic,
          dreamdust_ecumenical_altar_statues
D:2:      minmay_chambers_of_ones, layout_basic, chequers_serial_rivers_small_b,
          uniq_terence
D:3:      layout_basic, mainiacjoe_overflow_catwalk_spiral, interstate_on_off,
          minmay_quantized
D:4:      layout_basic, minivault_11
D:5:      minmay_bubble_buster, layout_basic,
          minmay_temple_entry_gardened_gates, hellmonk_bongcloud_opening,
          lexackson_kobold_supper
D:6:      minmay_clustersquares, layout_gridville, hangedman_glass_teeth

Skill      XL: |  1  2  3  4  5  6  7  8  9 |
---------------+----------------------------+-----
Dodging        | 2 3 4 |  4.9
Armour         | 3 4 5 6 |  6.5
Maces & Flails | 4 5 6 7 8 |  8.6
Fighting       | 4 5 6 7 |  7.0

Action                   |  1- 3 |  4- 6 |  7- 9 || total
-------------------------+-------+-------+-------++-------
Melee: Mace              |    79 |       |       ||    79
       Flail             |     9 |    45 |       ||    54
       Whip              |       |   166 |   353 ||   519
Invok: Berserk           |     3 |     2 |     4 ||     9
Evoke: Wand              |       |       |     1 ||     1
  Use: Scroll            |     3 |     8 |     3 ||    14
Armor: Animal skin       |    33 |       |       ||    33
       Ring mail         |     7 |    93 |   158 ||   258
Dodge: Dodged            |    56 |   131 |   128 ||   315
